cohdb
Replays
Latest Replays
All Replays
Popular Replays
Top Player Replays
Match Explorer
How It Works
Community
CoH3 Stats
Reddit
Sign in to upload your games and track your stats! →
Sign in with Steam
Match 43667571
Unlisted
Match 43667571
Overview
Messages
Build Orders
End
Selects Special Operations Battlegroup
Selects M29 Weasel Recon Vehicle
M29 Weasel Recon Vehicle
Construct Barracks
Riflemen Squad
Riflemen Squad
Riflemen Squad
Mechanized Support Center
Engineer Squad
Construct Tank Depot
Selects Raiding Flares
M1918 Browning Automatic Rifles
Grenade Package
Bran
DrewP
Dillbro
steam15558698719
MarcusAnnius
CtrlAlt_Delete
0
0
Comments
sign in to comment!
No comments posted yet!